 Dungeon Crawl Stone Soup version 0.29.1-15-g9cfb28693d (webtiles) character file.

Game seed: 13628870133912145123

53492 manyhoops the Black Belt (level 14, -21/118 HPs)
             Began as an Octopode Transmuter on Apr 8, 2023.
             Was an Initiate of Gozag.
             Demolished by Panino's ghost (38 damage)
             ... on level 5 of the Lair of Beasts.
             The game lasted 00:36:33 (22177 turns).

manyhoops the Black Belt (Octopode Transmuter)     Turns: 22177, Time: 00:36:34

Health: -21/118    AC: 12    Str: 13    XL:     14   Next: 68%
Magic:  18/22      EV: 10    Int: 28    God:    Gozag
Gold:   3038       SH:  0    Dex: 13    Spells: 10/24 levels left

rFire   x . .      SeeInvis .     - Unarmed
rCold   + + +      Faith    .   (shield currently unavailable)
rNeg    + . .      Spirit   .   (helmet currently unavailable)
rPois   +          Reflect  .   y - amulet of regeneration
rElec   .          Harm     .   c - +4 ring of slaying
rCorr   .          Rampage  .   i - ring of protection from fire
Will    +++..                   W - ring of willpower
Stlth   +++++.....              C - ring of positive energy
HPRegen 1.09/turn               S - +6 ring of intelligence
MPRegen 0.18/turn               F - ring of willpower
                                l - ring of the Invisible Hand {Int+6 Stlth+}
                                J - ring of ice

@: ice-form
A: freezing attack, boosted hp, almost no armour, amphibious, 8 rings, large,
(camouflage 1), (gelatinous body 1), (nimble swimmer 1), (tentacles)
a: End Transformation, Renounce Religion, Potion Petition, Call Merchant, Bribe
Branch


You were on level 5 of the Lair of Beasts.
You worshipped Gozag.
Gozag was most pleased with you.
You were a creature of crystalline ice.
You visited 3 branches of the dungeon, and saw 17 of its levels.

You collected 5101 gold pieces.
You spent 494 gold pieces at shops.
You paid 1569 gold pieces to Gozag.

Inventory:

Missiles
 V - 2 throwing nets
Armour
 v - a +2 hat of stealth (melded)
Jewellery
 c - a +4 ring of slaying (left front paw)
 g - an amulet of guardian spirit
 i - a ring of protection from fire (right front paw)
 l - the ring of the Invisible Hand (on tentacle) {Int+6 Stlth+}
   (You acquired it on level 9 of the Dungeon)

   [ring of intelligence]

   Int:       It affects your intelligence (+6).
   Stlth:     It makes you more stealthy.
 y - an amulet of regeneration (around neck)
 A - a ring of magical power
 C - a ring of positive energy (on tentacle)
 D - a ring of poison resistance
 F - a ring of willpower (on tentacle)
 J - a ring of ice (on tentacle)
 M - an amulet of the acrobat
 S - a +6 ring of intelligence (on tentacle)
 W - a ring of willpower (on tentacle)
Wands
 m - a wand of charming (4)
 G - a wand of polymorph (7)
 N - a wand of mindburst (2)
 P - a wand of digging (8)
 Q - a wand of flame (10)
Scrolls
 d - 2 scrolls of teleportation
 e - 2 scrolls of noise
 j - 4 scrolls of enchant armour
 k - a scroll of fear
 o - a scroll of brand weapon
 p - 4 scrolls of vulnerability
 s - 3 scrolls of fog
 t - a scroll of silence
 x - a scroll of torment
 z - a scroll of immolation
 B - 3 scrolls of poison
 I - 3 scrolls of amnesia
 R - a scroll of enchant weapon
 U - 2 scrolls of magic mapping
 X - a scroll of blinking
Potions
 a - a potion of lignification
 b - 9 potions of curing
 f - a potion of magic
 h - a potion of ambrosia
 n - a potion of haste
 q - 3 potions of might
 r - a potion of resistance
 u - a potion of brilliance
 w - 4 potions of degeneration
 E - 5 potions of flight
 H - a potion of attraction {unknown}
 L - 3 potions of heal wounds
 O - a potion of mutation
 Z - a potion of cancellation {unknown}
Miscellaneous
 K - a phantom mirror
 T - a condenser vane
 Y - a piece from Xom's chessboard (15/15)


   Skills:
 - Level 10.0 Fighting
 + Level 2.9 Dodging
 + Level 10.1 Stealth
 - Level 17.7 Unarmed Combat
 - Level 5.6 Spellcasting
 - Level 7.1 Transmutations
 - Level 6.2 Ice Magic
 - Level 9.1 Evocations


You had 10 spell levels left.
You knew the following spells:

 Your Spells              Type           Power      Damage    Failure   Level
a - Beastly Appendage     Tmut           94%        N/A       1%          1
b - Wereblood             Tmut           47%        N/A       1%          2
c - Ice Form              Ice/Tmut       62%        N/A       4%          4
d - Frozen Ramparts       Ice            100%       1d16      1%          3
e - Summon Ice Beast      Ice/Summ       38%        N/A       17%         4

Your spell library contained the following spells:

 Spells                   Type           Power      Damage    Failure   Level
 Passwall                 Tmut/Erth      22%        N/A       2%          2
 Spider Form              Tmut/Pois      27%        N/A       4%          3
 Magic Dart               Conj           28%        1d4       6%          1
 Sandblast                Erth           14%        2d6       6%          1
 Slow                     Hex            28%        N/A       6%          1
 Summon Small Mammal      Summ           28%        N/A       6%          1
 Call Imp                 Summ           7%         N/A       10%         2
 Sublimation of Blood     Necr           7%         N/A       10%         2
 Petrify                  Tmut/Erth      27%        N/A       14%         4
 Call Canine Familiar     Summ           7%         N/A       19%         3
 Confusing Touch          Hex            7%         N/A       19%         3
 Mephitic Cloud           Conj/Pois/Air  7%         N/A       19%         3
 Stone Arrow              Conj/Erth      14%        3d7       19%         3
 Summon Guardian Golem    Hex/Summ       7%         N/A       19%         3
 Vampiric Draining        Necr           7%         2d6       19%         3
 Irradiate                Conj/Tmut      13%        3d16      38%         5
 Dispel Undead            Necr           7%         3d8       54%         4
 Death Channel            Necr           3%         N/A       100%        6
 Corpse Rot               Necr/Pois/Air  Unusable   N/A       N/A         4

Dungeon Overview and Level Annotations

Branches:
Dungeon (11/15)            Temple (1/1) D:5            Lair (5/5) D:8
  Swamp (0/4) Lair:2        Snake (0/4) Lair:2        Slime (0/5) Lair:5
    Orc (0/2) D:11

Altars:
Ashenzari
Cheibriados
Dithmenos
Elyvilon
Fedhas
Gozag
Kikubaaqudgha
Makhleb
Nemelex Xobeh
Okawaru
Ru
Sif Muna
Trog
Vehumet
Xom
Yredelemnul
Zin
The Shining One
Jiyva

Shops:
D:8 [   D:11 (   Lair:1 *!

Annotations:
D:9 3 runed translucent doors, Garym's ghost, novice MiFi
Lair:5 Panino's ghost, journeyman MiBe


Innate Abilities, Weirdness & Mutations

You are a creature of crystalline ice.
You have a powerful freezing melee attack.
Your maximum health is increased.
Your armour is entirely melded.
You are incapable of wielding weapons or throwing items.
You cannot wear most types of armour.
You are amphibious.
You can wear up to eight rings at the same time.
((Your skin changes colour to match your surroundings (Stealth+).))
((Your rubbery body absorbs attacks. (AC +1, EV +1)))
((You are camouflaged when in or above water. (Stealth+)))
((You have tentacles for arms and can constrict up to eight enemies at once.))


Message History

Panino's ghost hits you!!
* * * LOW HITPOINT WARNING * * *
x2 You punch Panino's ghost!
You freeze Panino's ghost.
Panino's ghost is almost destroyed.
Your ice beast closely misses Panino's ghost.
Unknown command.
Okay, then.
You feel much better. Panino's ghost hits you.
* * * LOW HITPOINT WARNING * * *
x2 Your ice beast barely misses Panino's ghost.
You feel much better. Panino's ghost hits you!
Your ice beast hits Panino's ghost but does no damage.
You hit Panino's ghost but do no damage.
Panino's ghost is almost destroyed.
Panino's ghost hits you!!!
* * * LOW HITPOINT WARNING * * *
x2 Your ice beast closely misses Panino's ghost.
Unknown command.
You feel much better. Panino's ghost closely misses you.
Your ice beast hits Panino's ghost but does no damage.
You feel much better.
Panino's ghost hits you but does no damage.
Your ice beast closely misses Panino's ghost.
You closely miss Panino's ghost.
Panino's ghost is almost destroyed.
Panino's ghost hits you but does no damage.
You punch Panino's ghost!
Panino's ghost is almost destroyed.
Your ice beast hits Panino's ghost.
Your ice beast freezes Panino's ghost.
Panino's ghost resists.
You closely miss Panino's ghost.
Panino's ghost is almost destroyed.
Panino's ghost hits you!!!
* * * LOW HITPOINT WARNING * * *
x2 Your ice beast hits Panino's ghost but does no damage.
You hit Panino's ghost but do no damage.
Panino's ghost is almost destroyed.
Panino's ghost hits you!!!
You die...
Your body crumbles into a pile of gold.

##...# #=~.~.~~~≈~~~
#.#..# ##.~~...~~~~~
##...# ##.#####~.~.~~
#...####......###~.~.
#............#..###..
###...............##..
#...................##
#...................#
####'Y'###...#.#....#
#.)YW..8#...##.....#
#....(..#..###.....##
#..(....#..# #...#..#
#.....($#..####....##
#.(.(...#.#.##...#.##
#########..###...#.#.
#....# #..#....
##..#####....#.


You could see Panino's ghost (ally target) and a friendly ice beast (summoned).

Vanquished Creatures
  Gastronok (D:10)
  Josephine (Lair:4)
  A boulder beetle (Lair:1)
  5 hydras
  A catoblepas (Lair:3)
  A two-headed ogre (D:9)
  A centaur warrior (D:8)
  Erica (Lair:1)
  Nergalle (D:10)
  2 goliath frogs (Lair:5)
  A deep elf pyromancer (D:8)
  2 lindwurms
  5 black mambas
  13 elephants
  21 cane toads
  2 unseen horrors (D:11)
  3 rime drakes
  Psyche (D:10)
  14 komodo dragons
  3 trolls
  5 polar bears
  2 tyrant leeches (Lair:5)
  10 dream sheep
  17 blink frogs
  A shadow (D:10)
  5 wraiths
  5 wyverns
  19 yaks
  2 steam dragons
  9 vampire mosquitoes
  4 basilisks
  3 acid dragons
  10 water moccasins
  11 orc warriors
  2 ice beasts
  2 sky beasts (D:7)
  2 ogres
  2 black bears
  16 wolves
  A phantom (D:5)
  10 centaurs
  A kobold brigand (D:8)
  A nameless horror (Lair:4)
  15 bullfrogs
  6 necrophages
  4 scorpions
  16 wights
  6 killer bees
  7 jellies
  2 howler monkeys (D:8)
  5 hounds
  A gnoll bouda (D:6)
  16 orc priests
  5 hell rats (Lair:4)
  7 iguanas
  15 orc wizards
  7 gnolls
  10 adders
  A shadow imp (D:8)
  5 white imps
  An ufetubus (D:3)
  5 worms
  2 dart slugs (D:1)
  63 orcs
  7 endoplasms
  5 giant cockroaches
  5 goblins
  12 hobgoblins
  16 jackals
  2 quokkas
  6 ball pythons
  6 bats
  3 frilled lizards
  10 kobolds
  4 rats
495 creatures vanquished.

Vanquished Creatures (collateral kills)
  A catoblepas (Lair:3)
  An oklob plant (Lair:2)
  A komodo dragon (Lair:5)
  4 dream sheep (Lair:2)
  2 blink frogs (Lair:5)
  2 yaks
  2 vampire mosquitoes
  A wolf (Lair:2)
  2 bullfrogs (Lair:5)
  An electric eel (Lair:5)
  A jelly (Lair:5)
  An endoplasm (Lair:5)
19 creatures vanquished.

Vanquished Creatures (others)
  An orc wizard (D:10)
  2 bushes
  55 fungi
  97 plants
155 creatures vanquished.

Grand Total: 669 creatures vanquished

Notes
Turn   | Place    | Note
-------+----------+-------------------------------------------
     0 | D:1      | manyhoops the Octopode Transmuter began the quest for the
                  | Orb.
     0 | D:1      | Reached XP level 1. HP: 13/13 MP: 3/3
    56 | D:1      | Reached XP level 2. HP: 11/18 MP: 3/5
   553 | D:1      | Learned a level 2 spell: Wereblood
   689 | D:1      | Found a faded altar of an unknown god.
   706 | D:1      | Reached XP level 3. HP: 22/24 MP: 4/6
   870 | D:1      | Reached skill level 4 in Unarmed Combat
  1202 | D:2      | Reached XP level 4. HP: 29/29 MP: 4/7
  2019 | D:2      | Reached skill level 5 in Unarmed Combat
  2019 | D:2      | Reached XP level 5. HP: 23/35 MP: 6/8
  2181 | D:2      | Learned a level 4 spell: Ice Form
  3516 | D:4      | Reached skill level 6 in Unarmed Combat
  3516 | D:4      | Reached XP level 6. HP: 32/41 MP: 3/9
  4515 | D:4      | Reached XP level 7. HP: 39/46 MP: 6/10
  4603 | D:4      | Reached skill level 1 in Ice Magic
  5310 | D:5      | Entered Level 5 of the Dungeon
  5939 | D:5      | Reached XP level 8. HP: 52/52 MP: 9/11
  6270 | D:5      | Found a staircase to the Ecumenical Temple.
  6495 | Temple   | Entered the Ecumenical Temple
  6614 | Temple   | Became a worshipper of Gozag Ym Sagoz the Greedy
  6711 | D:5      | Reached skill level 5 in Transmutations
  6761 | D:6      | Found an iron altar of Okawaru.
  8024 | D:6      | Reached skill level 5 in Spellcasting
  8024 | D:6      | Reached XP level 9. HP: 48/57 MP: 16/16
  8228 | D:6      | Reached skill level 5 in Ice Magic
  9920 | D:7      | You fall into a shaft and drop 2 floors!
  9964 | D:8      | Found a staircase to the Lair.
 10097 | D:8      | Reached skill level 1 in Stealth
 10397 | D:8      | Reached skill level 5 in Stealth
 10397 | D:8      | Reached XP level 10. HP: 54/63 MP: 18/18
 10400 | D:8      | Noticed a deep elf pyromancer
 10402 | D:8      | Killed a deep elf pyromancer
 10402 | D:8      | Noticed a centaur warrior
 10411 | D:8      | Killed a centaur warrior
 10514 | D:8      | Reached skill level 10 in Stealth
 10544 | D:8      | Reached skill level 7 in Unarmed Combat
 10687 | D:8      | Identified the +1 war axe of Mikum {speed, rN+ Str+3}
 10746 | D:8      | Found Neorin's Armour Boutique.
 11225 | D:9      | Reached skill level 8 in Unarmed Combat
 11384 | D:9      | Found a runed translucent gate.
 11457 | D:9      | Found a runed translucent gate.
 11457 | D:9      | Found a runed translucent gate.
 11457 | D:9      | Noticed a cyclops
 11458 | D:9      | Noticed Garym's ghost (novice MiFi)
 11646 | D:9      | Reached skill level 5 in Fighting
 12059 | D:9      | Noticed a two-headed ogre
 12069 | D:9      | Killed a two-headed ogre
 12070 | D:9      | Reached skill level 9 in Unarmed Combat
 12070 | D:9      | Reached XP level 11. HP: 62/72 MP: 19/19
 12162 | D:9      | Identified a scroll of acquirement
 12202 | D:9      | Acquired the ring of the Invisible Hand {Int+6 Stlth+}
 12213 | D:9      | Learned a level 3 spell: Frozen Ramparts
 12218 | D:9      | Learned a level 4 spell: Summon Ice Beast
 12235 | D:9      | Reached skill level 10 in Unarmed Combat
 12315 | D:10     | Entered Level 10 of the Dungeon
 12373 | D:10     | Noticed Gastronok
 12390 | D:10     | Killed Gastronok
 12576 | D:10     | Found a sacrificial altar of Ru.
 12885 | D:10     | Noticed Nergalle
 12897 | D:10     | Killed Nergalle
 12898 | D:10     | Reached skill level 11 in Unarmed Combat
 13043 | D:10     | Noticed Psyche
 13057 | D:10     | Killed Psyche
 13411 | D:11     | Found a staircase to the Orcish Mines.
 13467 | D:11     | Found Cuan's Weapon Shoppe.
 13510 | D:11     | Reached skill level 12 in Unarmed Combat
 14262 | D:11     | Reached XP level 12. HP: 80/80 MP: 20/20
 15314 | Lair:1   | Entered Level 1 of the Lair of Beasts
 15319 | Lair:1   | Bought 2 potions of heal wounds for 130 gold pieces
 15319 | Lair:1   | Bought a potion of heal wounds for 65 gold pieces
 15319 | Lair:1   | Bought a potion of heal wounds for 65 gold pieces
 15319 | Lair:1   | Bought a potion of curing for 39 gold pieces
 15319 | Lair:1   | Bought a potion of mutation for 104 gold pieces
 15319 | Lair:1   | Bought a potion of curing for 39 gold pieces
 15319 | Lair:1   | Bought a potion of might for 52 gold pieces
 15349 | Lair:1   | Reached skill level 13 in Unarmed Combat
 15486 | Lair:1   | Reached skill level 1 in Evocations
 15693 | Lair:1   | Noticed a boulder beetle
 16108 | Lair:1   | Reached skill level 5 in Evocations
 16211 | Lair:1   | Noticed Erica
 16226 | Lair:1   | Killed Erica
 16689 | Lair:1   | Killed a boulder beetle
 16991 | Lair:2   | Noticed a five-headed hydra
 17006 | Lair:2   | Killed a five-headed hydra
 17130 | Lair:2   | Noticed a five-headed hydra
 17147 | Lair:2   | Reached XP level 13. HP: 79/86 MP: 21/21
 17302 | Lair:2   | You fall into a shaft and drop 1 floor!
 17528 | Lair:2   | Found a staircase to the Snake Pit.
 17678 | Lair:2   | Reached skill level 14 in Unarmed Combat
 17772 | Lair:2   | Found a staircase to the Swamp.
 18952 | Lair:3   | Reached skill level 15 in Unarmed Combat
 19148 | Lair:4   | Noticed Josephine
 19158 | Lair:4   | Killed Josephine
 20103 | Lair:5   | Entered Level 5 of the Lair of Beasts
 20127 | Lair:5   | Found a viscous altar of Jiyva.
 20127 | Lair:5   | Found a staircase to the Slime Pits.
 20164 | Lair:5   | Reached skill level 16 in Unarmed Combat
 20173 | Lair:5   | Reached XP level 14. HP: 97/97 MP: 22/22
 20850 | Lair:5   | Reached skill level 17 in Unarmed Combat
 21300 | Lair:5   | Found a runed translucent gate.
 21300 | Lair:5   | Found a runed translucent gate.
 21300 | Lair:5   | Found a runed translucent gate.
 21326 | Lair:5   | Noticed Panino's ghost (journeyman MiBe)
 21408 | Lair:5   | Reached skill level 10 in Fighting
 21791 | Lair:5   | Identified the +0 robe of Vehumet's Hatred {rC- Will++
                  | Regen+ Dex+2}
 22177 | Lair:5   | Demolished by Panino's ghost

Illustrated notes

Levels and vault maps discovered:
D:1:      elethiomel_arrival_infinity_welcomes_careful_drivers,
          layout_loops_ring, ebering_ecumenical_altar_hall, nicolae_wormholes
D:2:      layout_basic, st_stairs_3
D:3:      layout_loops_ring, kennysheep_generic_room_16
D:4:      layout_basic
D:5:      layout_loops_ring, minmay_temple_entry_enclosed_plants, serial_bayou,
          serial_bayou_shore_a, serial_bayou_ford_a, serial_bayou_lagoon_b,
          serial_bayou_crossing
D:6:      layout_loops_ring, kennysheep_mini_moat
D:7:      layout_gridville
D:8:      layout_loops_ring, dpeg_oklobed_lair, serial_shops, shop,
          minmay_the_grid_2x2 [minmay_the_grid_minigrid_small,
          minmay_the_grid_dragon_b, minmay_the_grid_plusring,
          minmay_the_grid_prize_inner_circle]
D:9:      layout_gridville, gammafunk_ghost_split
D:10:     layout_roguey, hangedman_ru_absence, uniq_nergalle, uniq_gastronok,
          uniq_psyche
D:11:     layout_loops_corners, minmay_orc_entry_temple_large, serial_shops,
          nicolae_shop_statue_plus, special_room [special_room_orc],
          nicolae_hexahallways, corexii_checkpoint_b
Temple:   nicolae_temple_slightly_damp_pantheon
Lair:1:   layout_layer_cave, lemuel_fruit_tree, uniq_erica
Lair:2:   beast_lair_carwin_large_1, layout_hall_layers,
          minmay_swamp_entry_swarm, dummy_snake_entry, minmay_lair_oklob_items,
          infiniplex_staircase_pool, grunt_megastairs_2
Lair:3:   layout_concentric_octagons
Lair:4:   layout_loops_ring, uniq_josephine
Lair:5:   minmay_lair_end_frog_pond, layout_loops_ring,
          nicolae_slime_entry_slimehenge, ebering_ghost_rock_garden

Skill      XL: |  1  2  3  4  5  6  7  8  9 10 11 12 13 14 |
---------------+-------------------------------------------+-----
Unarmed Combat | 4 5 6 9 12 13 16 17 | 17.7
Fighting       | 2 3 5 6 7 9 10 | 10.0
Ice Magic      | 3 4 6 |  6.2
Transmutations | 4 5 7 |  7.1
Spellcasting   | 5 |  5.6
Stealth        | 5 10 | 10.1
Evocations     | 9 |  9.1
Dodging        | |  2.9

Action                   |  1- 3 |  4- 6 |  7- 9 | 10-12 | 13-15 || total
-------------------------+-------+-------+-------+-------+-------++-------
Melee: Unarmed           |    47 |    99 |   196 |   448 |   386 ||  1176
       Constrict         |    16 |    34 |    37 |     2 |       ||    89
       Kick              |    14 |    23 |    37 |       |       ||    74
       Tentacles         |     6 |    20 |    34 |     2 |     1 ||    63
       Punch             |     2 |     3 |     6 |     1 |     1 ||    13
 Cast: Beastly Appendage |    17 |    34 |    37 |     2 |     1 ||    91
       Wereblood         |       |     6 |    11 |    18 |     9 ||    44
       Ice Form          |       |       |    11 |    51 |    46 ||   108
       Summon Ice Beast  |       |       |       |     7 |    27 ||    34
       Frozen Ramparts   |       |       |       |     1 |     6 ||     7
Invok: Call Merchant     |       |       |       |     2 |       ||     2
Evoke: Wand              |       |       |     4 |       |       ||     4
       Phantom mirror    |       |       |       |       |     1 ||     1
       Condenser vane    |       |       |       |       |     1 ||     1
  Use: Potion            |       |     2 |     4 |     2 |     6 ||    14
       Scroll            |       |     2 |     6 |     9 |    10 ||    27
 Stab: Sleeping          |     4 |     7 |     2 |    10 |    10 ||    33
       Distracted        |       |       |       |     7 |     6 ||    13
Armor: Skin              |     1 |     4 |    35 |   140 |   112 ||   292
Dodge: Dodged            |    34 |    60 |   101 |   171 |   156 ||   522
